[Event "*** Titled Tuesday Blitz"]
[Site "Chess.com"]
[Date "2021.02.09"]
[Round "4"]
[White "Elshan1985"]
[Black "ChessWarrior7197"]
[Result "0-1"]
[WhiteElo "2807"]
[BlackElo "2961"]
[TimeControl "180+1"]
[EndTime "10:37:59 PST"]
[Termination "ChessWarrior7197 won by resignation"]

1. Nf3 d5 2. d4 Nf6 3. c4 e6 4. g3 Bb4+ 5. Nbd2 O-O 6. Bg2 b6 7. O-O Bb7 8. cxd5 exd5 9. Ne5 Re8 10. a3 Bf8 11. b4 c6 12. Bb2 a5 13. bxa5 Rxa5 14.
a4 Nbd7 15. Bc3 Ra8 16. Nxd7 Nxd7 17. e3 Ba6 18. Re1 Nf6 19. Qc2 h5 20. a5 bxa5 21.
Bxa5 Qd7 22. Nf3 Bd6 23. Bb6 Ne4 24. Nd2 Nxd2 25. Qxd2 h4 26. Bc5 Bxc5 27. dxc5 h3 28.
Bh1 Bc4 29. Rxa8 Rxa8 30. e4 d4 31. e5 d3 32. Be4 Ra2 33. Qb4 Bb5 34. Rd1 Ra4 35.
Qe1 d2 36. Qe3 Ra1 37. Bf3 Rxd1+ 38. Bxd1 Qd5 39. f3 Qc4 40. Qf2 Qc1 0-1

[Event "*** Titled Tuesday Blitz"]
[Site "Chess.com"]
[Date "2021.02.09"]
[Round "4"]
[White "Dave_ChessMate"]
[Black "DamianoLew95"]
[Result "1-0"]
[WhiteElo "2393"]
[BlackElo "2580"]
[TimeControl "180+1"]
[EndTime "10:37:59 PST"]
[Termination "Dave_ChessMate won by resignation"]

1. e4 c5 2. Nc3 Nc6 3. Bb5 Nd4 4. Nf3 e6 5. O-O a6 6. Bd3 Nc6 7. b3 g6 8. Bb2 Bg7 9. Re1 Nge7 10. Qc1 O-O 11. Ne2 Bxb2 12. Qxb2 d6 13. Ng3 e5 14. Bc4 Bg4 15. Be2 h6 16. h3 Be6 17. Bc4 Bxc4 18.
bxc4 Qc7 19. Nf1 Rab8 20. a4 Nd4 21. Nxd4 cxd4 22. d3 f5 23. Nd2 f4 24. Qa2 Kg7 25. Rab1 Nc6 26. Nf3 a5 27. Rb5 Nb4 28. Qb1 b6 29.
Rc1 g5 30. c3 dxc3 31. Rxc3 Rfc8 32. d4 Qe7 33. dxe5 Kh7 34. exd6 Qe6 35. e5+ Kg8 36. Nd4 1-0

[Event "*** Titled Tuesday Blitz"]
[Site "Chess.com"]
[Date "2021.02.09"]
[Round "4"]
[White "Indianlad"]
[Black "anon481216"]
[Result "1-0"]
[WhiteElo "2899"]
[BlackElo "2474"]
[TimeControl "180+1"]
[EndTime "10:37:59 PST"]
[Termination "Indianlad won by resignation"]

1. g3 c5 2. Bg2 Nc6 3. Nf3 g6 4.
O-O Bg7 5. c4 e5 6. Nc3 d6 7.
Ne1 Be6 8. d3 Nge7 9. Bg5 f6 10.
Be3 O-O 11. Nc2 a5 12. a3 Qd7 13. Rb1 Bh3 14. b4 axb4 15. axb4 Bxg2 16. Kxg2 b6 17. bxc5 bxc5 18. Bd2 f5 19. Ne3 Rab8 20. Ned5 Nxd5 21. Nxd5 Ne7 22. Nc3 Qc6+ 23. f3 h5 24. Qa4 Qxa4 25.
Nxa4 Kf7 26. Nc3 Ke6 27. Bg5 Bf6 28. Bxf6 Kxf6 29. Rb5 Ke6 30. Ra1 Ra8 31. Rab1 Ra3 32. R5b3 Rxb3 33. Rxb3 Ra8 34. Rb6 Rc8 35. Nb5 Rc6 36.
Rb7 Kf6 37. Nc7 e4 38. f4 exd3 39. exd3 d5 40. cxd5 Rxc7 41. Rxc7 Nxd5 42. Rc6+ Kf7 43.
Rxc5 1-0

[Event "*** Titled Tuesday Blitz"]
[Site "Chess.com"]
[Date "2021.02.09"]
[Round "4"]
[White "ailime26"]
[Black "Manukyan_Artak"]
[Result "1-0"]
[WhiteElo "2118"]
[BlackElo "2371"]
[TimeControl "180+1"]
[EndTime "10:37:59 PST"]
[Termination "ailime26 won by resignation"]

1. e4 c6 2. d4 d5 3. exd5 cxd5 4. Bd3 Nc6 5. c3 e5 6. dxe5 Nxe5 7. Bb5+ Nc6 8. Nf3 Bc5 9. O-O Ne7 10. Re1 O-O 11.
Bg5 f6 12. Bf4 Ng6 13. Bg3 Bg4 14. Nbd2 Qb6 15. Ba4 Nge5 16. h3 Bh5 17. b4 Bd6 18.
b5 Nxf3+ 19. Nxf3 Bxg3 20. Qxd5+ Bf7 21. Qd2 Ne5 22. Nd4 Nc4 23. Qe2 Be5 24. Nf5 Rae8 25. Qg4 g6 26. Nh6+ Kg7 27. Nxf7 Rxf7 28. Qxc4 Rc7 29. Qg4 Rxc3 30. Rad1 Re7 31. Rd7 Rc7 32. Rd8 Bh2+ 33. Kxh2 Rxe1 34. Bb3 Rce7 35. Rg8+ 1-0

[Event "*** Titled Tuesday Blitz"]
[Site "Chess.com"]
[Date "2021.02.09"]
[Round "4"]
[White "PrinceMurad09"]
[Black "MF1966Idrisov"]
[Result "1-0"]
[WhiteElo "2545"]
[BlackElo "2391"]
[TimeControl "180+1"]
[EndTime "10:38:02 PST"]
[Termination "PrinceMurad09 won by resignation"]

1. e4 c6 2. Nf3 d5 3. Nc3 dxe4 4. Nxe4 Nd7 5. Qe2 e6 6. g3 Ngf6 7. Bg2 Be7 8. O-O Nxe4 9. Qxe4 Nf6 10. Qa4 O-O 11. b3 b5 12. Qf4 Nd5 13. Qe4 Bf6 14.
Ne5 Qc7 15. Bb2 Bb7 16. f4 Rab8 17. g4 c5 18. g5 Be7 19. Qe2 Nb4 20. Bxb7 Qxb7 21.
d3 Nc6 22. Ng4 Nd4 23. Bxd4 cxd4 24. h4 Rbc8 25. h5 Rc5 26. h6 g6 27. b4 Rf5 28.
Qe4 Qb6 29. Ne5 Rc8 30. Rf2 Qd6 31. a3 f6 32. gxf6 Bxf6 33. Ng4 Bh4 34. Rf3 Rcf8 35.
Ne5 g5 36. Raf1 R8f6 37. Ng4 Rxf4 38. Nxf6+ Rxf6 39. Rxf6 Qg3+ 40. Qg2 Qe3+ 41. Kh1 1-0

[Event "*** Titled Tuesday Blitz"]
[Site "Chess.com"]
[Date "2021.02.09"]
[Round "4"]
[White "Misi_95"]
[Black "DvaHrasta"]
[Result "1-0"]
[WhiteElo "2608"]
[BlackElo "2402"]
[TimeControl "180+1"]
[EndTime "10:38:05 PST"]
[Termination "Misi_95 won on time"]

1. e4 c6 2. Nc3 d5 3. Nf3 Nf6 4. e5 Ne4 5. Nxe4 dxe4 6. Ng5 Qd5 7. Qe2 Bf5 8. g4 Bg6 9. Bg2 Qxe5 10. Nxe4 Nd7 11. f4 Qxf4 12. d4 Qc7 13. O-O e5 14. dxe5 Qxe5 15. Bf4 Qd4+ 16. Kh1 O-O-O 17. Rfd1 Qb6 18. a4 a5 19. c3 h5 20. g5 Bc5 21.
Bh3 Rhe8 22. Rxd7 Rxe4 23. Rd2+ 1-0

[Event "*** Titled Tuesday Blitz"]
[Site "Chess.com"]
[Date "2021.02.09"]
[Round "4"]
[White "BigAl"]
[Black "HanSchut"]
[Result "1-0"]
[WhiteElo "2470"]
[BlackElo "2285"]
[TimeControl "180+1"]
[EndTime "10:38:05 PST"]
[Termination "BigAl won by resignation"]

1. Nf3 Nf6 2. g3 g6 3. Bg2 Bg7 4. O-O O-O 5. d3 d5 6. Nbd2 c5 7. e4 Nc6 8. Re1 h6 9. c3 Be6 10. exd5 Nxd5 11. Rxe6 fxe6 12. Ne4 b6 13. h4 Nf6 14.
Qe2 Qd7 15. Bh3 Nxe4 16. Qxe4 Rf6 17. Ne5 Nxe5 18. Qxa8+ Kh7 19. Be3 Qxd3 20. Qxa7 Nc4 21. Re1 Qc2 22. Bf4 Rxf4 23. gxf4 Nd2 24. Bg2 Qf5 25.
Qd7 Qg4 26. Qxd2 1-0

[Event "*** Titled Tuesday Blitz"]
[Site "Chess.com"]
[Date "2021.02.09"]
[Round "4"]
[White "Evachess2006"]
[Black "Problematique_99"]
[Result "0-1"]
[WhiteElo "1625"]
[BlackElo "2452"]
[TimeControl "180+1"]
[EndTime "10:38:05 PST"]
[Termination "Problematique_99 won by resignation"]

1. e4 c5 2. c3 e6 3. d4 d5 4. exd5 exd5 5. Nf3 Nc6 6. Bb5 Bd6 7.
O-O Ne7 8. Re1 O-O 9. Bg5 f6 10. Bh4 Bg4 11. dxc5 Bxc5 12. Nbd2 Qb6 13. Bxc6 bxc6 14.
b4 Bd6 15. a3 Nf5 16. Bg3 Nxg3 17. hxg3 Bxg3 18. Qe2 Bd6 19. Qd3 Rae8 20. c4 Qb7 21. cxd5 cxd5 22. Qd4 Bh5 23. Rac1 Bf7 24. Nb3 Qa6 25.
Qb2 Bf4 26. Rxe8 Rxe8 27. Rf1 Qe2 28. Qxe2 Rxe2 29. Rd1 Ra2 0-1

[Event "*** Titled Tuesday Blitz"]
[Site "Chess.com"]
[Date "2021.02.09"]
[Round "4"]
[White "bylavochka"]
[Black "BJthechessgod"]
[Result "0-1"]
[WhiteElo "2082"]
[BlackElo "2288"]
[TimeControl "180+1"]
[EndTime "10:38:05 PST"]
[Termination "BJthechessgod won on time"]

1. e4 c5 2. Nf3 Nc6 3. d4 cxd4 4. Nxd4 g6 5. c4 Nf6 6. Nc3 d6 7. Be2 Nxd4 8. Qxd4 Bg7 9. Be3 O-O 10. Qd2 Be6 11. O-O Qa5 12. Rac1 Rfc8 13. b3 a6 14. f3 b5 15. cxb5 axb5 16. Nb1 Qxa2 17. Rxc8+ Bxc8 18. Qxa2 Rxa2 19. Bxb5 Be6 20. Nd2 Rb2 21. Bc4 d5 22. exd5 Nxd5 23. Bxd5 Bxd5 24. Rc1 h5 25. Rc8+ Kh7 26. Rb8 Bc3 27. Ne4 Rb1+ 28. Kf2 Be1+ 29. Ke2 Bxb3 30. Nd2 Bxd2 31. Kxd2 Rb2+ 32. Kc3 Re2 33. Kd3 Rb2 34. Kc3 Re2 35. Kd3 Bc4+ 36. Kxc4 Rxe3 37. Rb2 Kh6 38. Kd4 Re1 39.
Kd3 Kg5 40. Rb4 e5 41. Rb2 Rh1 0-1

[Event "*** Titled Tuesday Blitz"]
[Site "Chess.com"]
[Date "2021.02.09"]
[Round "4"]
[White "K_A_S_T_O_R"]
[Black "zeitnot2006"]
[Result "1-0"]
[WhiteElo "2808"]
[BlackElo "2522"]
[TimeControl "180+1"]
[EndTime "10:38:06 PST"]
[Termination "K_A_S_T_O_R won on time"]

1. e4 c5 2. Nf3 e6 3. d4 cxd4 4. Nxd4 Nc6 5. Nb5 d6 6. c4 Nf6 7. N1c3 a6 8. Na3 Be7 9. Be2 O-O 10. O-O b6 11. Be3 Bb7 12. Rc1 Nd7 13. Qd2 Nc5 14. Rfd1 Qb8 15. f3 Rd8 16. Bf1 Bf6 17. Qf2 Be5 18. g3 Qc7 19. Nab1 Rac8 20. Rc2 g6 21. Rcd2 Rd7 22. Bg2 Bg7 23. Bf4 Rcd8 24. Bg5 Rc8 25. Kh1 Ne5 26. b3 h6 27. Be3 Nc6 28. h3 Rcd8 29. Ne2 Kh7 30. Nbc3 Nb4 31. Nd4 Nc6 32. Nde2 Nb4 33. Bd4 Nc6 34. Bxg7 Kxg7 35. Qe3 Ne7 36. f4 Nc6 37. Kh2 Ne7 38. b4 1-0

[Event "*** Titled Tuesday Blitz"]
[Site "Chess.com"]
[Date "2021.02.09"]
[Round "4"]
[White "BogdanDeac"]
[Black "andrzej"]
[Result "1-0"]
[WhiteElo "2990"]
[BlackElo "2337"]
[TimeControl "180+1"]
[EndTime "10:38:07 PST"]
[Termination "BogdanDeac won by resignation"]

1. Nf3 Nf6 2. b3 g6 3. Bb2 Bg7 4. g3 O-O 5. Bg2 d6 6. d4 e5 7. dxe5 Ng4 8. O-O Nxe5 9. Qc1 Nbd7 10. c4 a5 11. Nc3 Qe7 12. Nd5 Qd8 13. Rd1 a4 14. b4 a3 15. Bc3 c6 16. Ne3 Qe7 17.
Qd2 Re8 18. Nxe5 dxe5 19. c5 e4 20. Nc4 Bxc3 21. Qxc3 Qf6 22. Qe3 Ne5 23. Nd6 Rf8 24. Nxe4 Qg7 25. Nd6 Rb8 26. Qxa3 Bg4 27. f3 Be6 28.
Qc3 Bd5 29. e4 Be6 30. f4 Ng4 31. e5 h5 32. a4 h4 33. h3 Nh6 34. g4 f6 35. exf6 Rxf6 36. g5 Rxf4 37. Qxg7+ Kxg7 38. gxh6+ Kxh6 39. b5 Rxa4 40. Rxa4 1-0

[Event "*** Titled Tuesday Blitz"]
[Site "Chess.com"]
[Date "2021.02.09"]
[Round "4"]
[White "StockholmMissile"]
[Black "Kobalia"]
[Result "1/2-1/2"]
[WhiteElo "2500"]
[BlackElo "2684"]
[TimeControl "180+1"]
[EndTime "10:38:08 PST"]
[Termination "Game drawn by repetition"]

1. d4 Nf6 2. c4 g6 3. Nc3 Bg7 4. e4 O-O 5. h3 d6 6. Be3 e5 7. d5 a5 8. g4 Na6 9. Nge2 h5 10.
f3 c6 11. Qd2 cxd5 12. cxd5 Bd7 13. Nc1 a4 14. Nd3 a3 15. b4 Rc8 16. b5 Nc5 17.
Nxc5 dxc5 18. Bc4 Ne8 19. d6 Qf6 20. O-O-O Ra8 21. Bg5 Qxf3 22. Rdf1 Qg3 23. Rfg1 Qf3 24. Rf1 Qg3 25. Rfg1 Qf3 26. Rf1 1/2-1/2

[Event "*** Titled Tuesday Blitz"]
[Site "Chess.com"]
[Date "2021.02.09"]
[Round "4"]
[White "MarceloPlaya"]
[Black "Deepweb2020"]
[Result "0-1"]
[WhiteElo "2286"]
[BlackElo "2471"]
[TimeControl "180+1"]
[EndTime "10:38:08 PST"]
[Termination "Deepweb2020 won by resignation"]

1. e4 e5 2. Nf3 Nc6 3. d4 exd4 4. Bc4 Bc5 5. Ng5 Nh6 6. Nxf7 Nxf7 7. Bxf7+ Kxf7 8.
Qh5+ g6 9. Qxc5 d6 10. Qc4+ Be6 11.
Qe2 Re8 12. O-O d5 13. Nd2 Kg7 14. e5 Bf5 15. f4 Bxc2 16. Nf3 Be4 17. Qf2 Bxf3 18. Qxf3 Ne7 19. Bd2 c5 20. g4 Rf8 21.
Qg3 Kh8 22. Rf2 c4 23. Raf1 Qd7 24. Bb4 d3 25. Bd6 Rf7 26. Qe3 Qe6 27. Qd4 Qxg4+ 28. Kh1 Qe6 29. Bxe7 Rxe7 30. f5 Qxe5 31. Qxe5+ Rxe5 32.
f6 Rf8 33. f7 Kg7 0-1

[Event "*** Titled Tuesday Blitz"]
[Site "Chess.com"]
[Date "2021.02.09"]
[Round "4"]
[White "andy_rekt"]
[Black "banane_verte"]
[Result "0-1"]
[WhiteElo "2236"]
[BlackElo "2438"]
[TimeControl "180+1"]
[EndTime "10:38:10 PST"]
[Termination "banane_verte won by resignation"]

1. d4 Nf6 2. c4 e6 3. Nc3 Bb4 4. e3 b6 5. Ne2 Bb7 6. a3 Bxc3+ 7. Nxc3 d5 8. cxd5 Nxd5 9. Bd3 O-O 10. O-O Nd7 11. e4 Nxc3 12. bxc3 c5 13. Be3 Rc8 14. d5 exd5 15. exd5 Bxd5 16. Bxh7+ Kxh7 17. Qxd5 Nf6 18. Qf5+ Kg8 19. Bg5 Qd5 20. Qf4 Qe4 21. Rad1 Qxf4 22. Bxf4 Rfd8 23. c4 Ne4 24. f3 Nc3 25. Rxd8+ Rxd8 26. Kf2 Rd4 27. Bb8 Rxc4 28. Bxa7 Na4 29. Rb1 Rc2+ 30.
Kg3 Ra2 31. Rb3 c4 32. Rb4 Rxa3 33. Rxc4 b5 34. Rc8+ Kh7 35. Rb8 Nc3 36. Bd4 Ne2+ 37. Kg4 Nxd4 38. Kf4 Ra2 39. Kg3 Rb2 0-1

[Event "*** Titled Tuesday Blitz"]
[Site "Chess.com"]
[Date "2021.02.09"]
[Round "4"]
[White "KononenkoD"]
[Black "platy3"]
[Result "0-1"]
[WhiteElo "2534"]
[BlackElo "2858"]
[TimeControl "180+1"]
[EndTime "10:38:12 PST"]
[Termination "platy3 won by resignation"]

1. d4 Nf6 2. c4 e6 3. g3 d5 4. Nf3 Be7 5. Bg2 O-O 6. O-O dxc4 7.
Qc2 a6 8. a4 Bd7 9. Qxc4 Bc6 10.
Bf4 a5 11. Nc3 Na6 12. Rac1 Nb4 13. Rfe1 Bd6 14. Bg5 h6 15. Bxf6 Qxf6 16. e4 Qd8 17. Nb5 Re8 18. Nxd6 cxd6 19. b3 Bxe4 20. Nd2 Bxg2 21.
Kxg2 Qb6 22. Re3 Nc6 23. Nf3 Nb4 24. Rec3 Na2 25. Nd2 Nxc1 26. Rxc1 Rac8 27. Qxc8 Rxc8 28. Rxc8+ Kh7 29. Rc4 d5 30. Rc5 Qb4 31. Nf3 Qxb3 32.
Rxa5 f6 33. Rb5 Qxa4 34. Rxb7 Qc2 35. Re7 Qe4 36. h3 h5 37. Re8 g5 38. Re7+ Kg6 39. Kg1 Qxf3 40. Rxe6 Qd1+ 41. Kh2 Qxd4 42. Re8 Qxf2+ 0-1

[Event "*** Titled Tuesday Blitz"]
[Site "Chess.com"]
[Date "2021.02.09"]
[Round "4"]
[White "oykuince"]
[Black "Ze-Pequeno"]
[Result "0-1"]
[WhiteElo "1969"]
[BlackElo "2234"]
[TimeControl "180+1"]
[EndTime "10:38:12 PST"]
[Termination "Ze-Pequeno won on time"]

1. e4 c5 2. Nf3 d6 3. d4 cxd4 4. Nxd4 Nf6 5. Nc3 a6 6. Be2 e6 7. Be3 Be7 8. Nb3 b5 9. f3 Bb7 10. g4 Nfd7 11. Qd2 Bh4+ 12. Bf2 Be7 13. h4 Ne5 14. O-O-O Nbd7 15. f4 Nc4 16. Bxc4 bxc4 17. Nd4 Nc5 18. f5 e5 19. Nde2 Nxe4 20. Nxe4 Bxe4 21.
Rh3 O-O 22. Nc3 Bc6 23. g5 Kh8 24. Rg3 d5 25. Nxd5 Bxd5 26. Qxd5 Qxd5 27. Rxd5 Rfd8 28. Rxd8+ Rxd8 29. Rc3 Rc8 30. Bg3 f6 31. gxf6 gxf6 32. b3 Ba3+ 0-1

[Event "*** Titled Tuesday Blitz"]
[Site "Chess.com"]
[Date "2021.02.09"]
[Round "4"]
[White "Marty435"]
[Black "lucachess49"]
[Result "1-0"]
[WhiteElo "2586"]
[BlackElo "2327"]
[TimeControl "180+1"]
[EndTime "10:38:14 PST"]
[Termination "Marty435 won on time"]

1. c4 Nf6 2. Nf3 e6 3. e3 d5 4.
b3 c6 5. Bb2 Nbd7 6. Nc3 Bd6 7.
Be2 O-O 8. O-O Qe7 9. d4 b6 10.
Qc2 Bb7 11. Rad1 Rac8 12. Rfe1 Rfd8 13. Bd3 e5 14. e4 exd4 15. exd5 Qf8 16. dxc6 Bxc6 17.
Nxd4 Nc5 18. Nxc6 Nxd3 19. Rxd3 Rxc6 20. Red1 Rcc8 21. Nb5 Bb8 22. Bxf6 gxf6 23. g3 Rxd3 24. Qxd3 a6 25. Nd4 Rd8 26. Qe2 Qd6 27. Rd2 Qe5 28.
Qg4+ Kh8 29. Nf5 Qe1+ 30. Kg2 Rg8 31. Rd8 1-0

[Event "*** Titled Tuesday Blitz"]
[Site "Chess.com"]
[Date "2021.02.09"]
[Round "4"]
[White "CalinGheorghiu"]
[Black "Skat2704"]
[Result "0-1"]
[WhiteElo "2293"]
[BlackElo "2518"]
[TimeControl "180+1"]
[EndTime "10:38:15 PST"]
[Termination "Skat2704 won by resignation"]

1. e4 c5 2. Nf3 Nc6 3. d4 cxd4 4. Nxd4 Nf6 5. Nc3 e6 6. Ndb5 Bb4 7. a3 Bxc3+ 8. Nxc3 d5 9. exd5 exd5 10. Bd3 O-O 11.
O-O Bg4 12. Ne2 Ne5 13. Bg5 h6 14. Bh4 Re8 15. Re1 Rc8 16. Bb5 Re6 17. Qd4 Bxe2 18. Rxe2 Nc6 19. Qd2 Rxe2 20. Bxe2 Qd6 21. Bg3 Qc5 22.
Bf3 Nd4 23. Rd1 Nxf3+ 24. gxf3 Qxc2 25. Qd4 Rc4 26. Qd2 Qxd2 27. Rxd2 Kf8 28. Re2 Rc6 29.
b4 Re6 30. Rc2 Ke7 31. Rc7+ Nd7 32. Rxb7 Ra6 33. Rb5 Ke6 34. Rc5 Nxc5 35. bxc5 Rxa3 36. c6 d4 37. c7 Kd7 38. Kf1 d3 39. Ke1 Ra2 0-1

[Event "*** Titled Tuesday Blitz"]
[Site "Chess.com"]
[Date "2021.02.09"]
[Round "4"]
[White "JoliyRoger"]
[Black "shineatchess"]
[Result "1-0"]
[WhiteElo "2419"]
[BlackElo "2204"]
[TimeControl "180+1"]
[EndTime "10:38:15 PST"]
[Termination "JoliyRoger won by resignation"]

1. Nf3 f5 2. d4 Nf6 3. g3 g6 4.
Bg2 Bg7 5. b3 c5 6. Bb2 Na6 7. d5 d6 8. c4 Nc7 9. O-O O-O 10.
Nbd2 b5 11. Qc2 f4 12. gxf4 Nh5 13. e3 Bf5 14. Qc1 Qd7 15. Bxg7 Nxg7 16. Ng5 h6 17.
Nge4 Bh3 18. Ng3 Bxg2 19. Kxg2 h5 20. h4 Nf5 21. Nf3 Kg7 22. e4 Nh6 23. f5 gxf5 24. Qg5+ Kh7 25. Qxh5 Rf6 26. Nxf5 Rg8+ 27. Ng5+ Kh8 28.
Nxh6 Kg7 29. Nxg8 Kxg8 30. Qh7+ 1-0

[Event "*** Titled Tuesday Blitz"]
[Site "Chess.com"]
[Date "2021.02.09"]
[Round "4"]
[White "Das_Virus_2020"]
[Black "Guzman70"]
[Result "1-0"]
[WhiteElo "2446"]
[BlackElo "2254"]
[TimeControl "180+1"]
[EndTime "10:38:17 PST"]
[Termination "Das_Virus_2020 won by checkmate"]

1. e4 e6 2. Qe2 c5 3. Nf3 Nc6 4.
g3 Nf6 5. Bg2 d5 6. e5 Nd7 7. d3 b5 8. O-O Be7 9. h4 h6 10. h5 Qc7 11. Bf4 Nd4 12. Nxd4 cxd4 13. c3 Bc5 14. Nd2 a5 15. Nb3 a4 16. Nxd4 Bxd4 17. cxd4 Qb6 18. Be3 b4 19. Qg4 Kf8 20. f4 Kg8 21. Rad1 a3 22. b3 Ba6 23. Bxd5 exd5 24.
Qxd7 Rd8 25. Qe7 Qb8 26. f5 Re8 27. Qh4 Qc7 28. f6 gxf6 29. Qxf6 Qc2 30. Qxf7# 1-0

[Event "*** Titled Tuesday Blitz"]
[Site "Chess.com"]
[Date "2021.02.09"]
[Round "4"]
[White "CzechmVIII"]
[Black "zurzan"]
[Result "1-0"]
[WhiteElo "2263"]
[BlackElo "1996"]
[TimeControl "180+1"]
[EndTime "10:38:21 PST"]
[Termination "CzechmVIII won by resignation"]

1. e4 d6 2. d4 Nf6 3. Nc3 Nbd7 4. g4 e5 5. g5 exd4 6. Qxd4 Ng8 7. Be3 h6 8. Nf3 c5 9. Qd2 Be7 10. gxh6 Nxh6 11.
Rg1 Bf8 12. O-O-O Qe7 13. Nd5 Qd8 14. Bc4 Ne5 15. Nxe5 dxe5 16. Qc3 Bd6 17. Bg5 f6 18. Bxh6 Rxh6 19. Rxg7 Kf8 20. Rdg1 Rh8 21. Ne3 Qb6 22.
Rg8+ Rxg8 23. Rxg8+ Ke7 24. Nd5+ Kd7 25. Nxb6+ axb6 26. Qh3+ Kc7 27. Qh7+ Kb8 28. Be6 Ka7 29. Rxc8 1-0

[Event "*** Titled Tuesday Blitz"]
[Site "Chess.com"]
[Date "2021.02.09"]
[Round "4"]
[White "The_filthy"]
[Black "csati17"]
[Result "0-1"]
[WhiteElo "2281"]
[BlackElo "2566"]
[TimeControl "180+1"]
[EndTime "10:38:22 PST"]
[Termination "csati17 won by resignation"]

1. e4 e6 2. d4 d5 3. Nc3 Bb4 4. e5 Ne7 5. Bd2 b6 6. Nf3 Bxc3 7. Bxc3 Ba6 8. Bd3 Bxd3 9. Qxd3 Qc8 10. O-O Qa6 11.
Qe3 Nf5 12. Qf4 h5 13. Bb4 Qc4 14. Ba3 c5 15. b3 Qa6 16. Bb2 Nc6 17. dxc5 bxc5 18.
a4 Rb8 19. Ba3 Ncd4 20. Nxd4 Nxd4 21. Qg5 Nf5 22. Bxc5 Rc8 23. b4 Qc4 24. Ra3 Rh6 25. Rf3 Rg6 26. Qxh5 Qxc2 27. a5 a6 28. g4 Qe4 29.
Rxf5 Rxg4+ 0-1

[Event "*** Titled Tuesday Blitz"]
[Site "Chess.com"]
[Date "2021.02.09"]
[Round "4"]
[White "Synctel"]
[Black "Pantata007"]
[Result "1-0"]
[WhiteElo "2011"]
[BlackElo "2219"]
[TimeControl "180+1"]
[EndTime "10:38:22 PST"]
[Termination "Synctel won by resignation"]

1. e4 e5 2. Nf3 Nc6 3. Bc4 Bc5 4. b4 Bxb4 5. c3 Be7 6. d4 Na5 7. Be2 d6 8. Qa4+ c6 9. dxe5 dxe5 10.
Nxe5 Nf6 11. O-O Qc7 12. Bf4 Bd6 13. Nd3 Bxf4 14. Nxf4 Qxf4 15. Qxa5 Nxe4 16. Qb4 Bf5 17. Bd3 Qd6 18. Bxe4 Qxb4 19. cxb4 Bxe4 20. Re1 f5 21. f3 Kf7 22. fxe4 Rhe8 23. Nc3 fxe4 24. Rxe4 Rxe4 25. Nxe4 Re8 26. Nd6+ 1-0

[Event "*** Titled Tuesday Blitz"]
[Site "Chess.com"]
[Date "2021.02.09"]
[Round "4"]
[White "MITerryble"]
[Black "JoachimMouhamad"]
[Result "1-0"]
[WhiteElo "2950"]
[BlackElo "2394"]
[TimeControl "180+1"]
[EndTime "10:38:23 PST"]
[Termination "MITerryble won by resignation"]

1. e4 e5 2. Nf3 Nc6 3. c3 Nf6 4. d4 Bd6 5. Bd3 O-O 6. O-O Re8 7. Re1 Bf8 8. Nxe5 Nxe5 9. dxe5 Rxe5 10. f4 Re8 11. e5 Bc5+ 12. Kh1 Nd5 13. Bxh7+ Kxh7 14. Qxd5 Qe7 15. Nd2 c6 16. Qd3+ Kg8 17. Ne4 d5 18.
exd6 Bxd6 19. Nf6+ gxf6 20. Rxe7 Bxe7 21. f5 Bf8 22.
Qg3+ Kh8 23. Qh3+ Kg8 24. Bf4 Re4 25. Rf1 Bd7 26. Qg3+ Kh8 27. Qh4+ Kg8 28. Qxf6 Rae8 29. Qg5+ Kh7 30. h3 c5 31. Rf3 Bc6 32. Qh5+ Kg8 33.
Rg3+ Bg7 34. f6 1-0

[Event "*** Titled Tuesday Blitz"]
[Site "Chess.com"]
[Date "2021.02.09"]
[Round "4"]
[White "alexrustemov"]
[Black "GigaQuparadze"]
[Result "0-1"]
[WhiteElo "2755"]
[BlackElo "2917"]
[TimeControl "180+1"]
[EndTime "10:38:24 PST"]
[Termination "GigaQuparadze won on time"]

1. d4 Nf6 2. Nf3 e6 3. c4 b6 4.
a3 Bb7 5. Nc3 d5 6. Bg5 Be7 7.
Bxf6 Bxf6 8. cxd5 exd5 9. Qa4+ c6 10. g3 O-O 11. Rd1 Re8 12. Bg2 Ba6 13. Qc2 Nd7 14.
O-O Nf8 15. Rfe1 Rc8 16. e4 dxe4 17. Nxe4 Ne6 18. Qa4 Bb5 19. Nxf6+ Qxf6 20. Qxa7 Qd8 21. Ne5 Re7 22. Nxc6 Rxc6 23. Qxe7 Qxe7 24. Bxc6 Bxc6 25. d5 Ba4 26. Rc1 h6 27. dxe6 fxe6 28. Rc4 Bb3 29. Rce4 Bd5 30. R4e3 Qf6 31. R1e2 Qd4 32. b4 Qg4 33. Re1 Qh3 34. f3 Qf5 35. Kg2 g5 36. h3 h5 37. Kf2 Qxh3 38. Rg1 Qf5 39. Rge1 g4 40. f4 h4 41. gxh4 Qxf4+ 42. Ke2 g3 43.
Rg1 Qf2+ 0-1

[Event "*** Titled Tuesday Blitz"]
[Site "Chess.com"]
[Date "2021.02.09"]
[Round "4"]
[White "SaqoChess_Twitch"]
[Black "Savagelittlemole"]
[Result "1-0"]
[WhiteElo "2551"]
[BlackElo "2396"]
[TimeControl "180+1"]
[EndTime "10:38:25 PST"]
[Termination "SaqoChess_Twitch won by resignation"]

1. d4 Nf6 2. e3 e6 3. Nf3 d5 4.
Be2 Be7 5. O-O O-O 6. Nbd2 c5 7. b3 Nc6 8. Bb2 b6 9. Ne5 Bb7 10. f4 Nd7 11. Bd3 f5 12. g4 cxd4 13. exd4 Ndxe5 14. fxe5 f4 15. a3 g6 16. Nf3 Kg7 17. Kg2 Rh8 18.
Rh1 Qd7 19. h4 h5 20. g5 a5 21. Qd2 Rhf8 22. Rhf1 Ba6 23. Bxa6 Rxa6 24. Ne1 Raa8 25. Rxf4 Rxf4 26. Qxf4 Rf8 27. Qe3 b5 28. Nd3 b4 29.
axb4 Nxb4 30. Nxb4 axb4 31. Rf1 Rxf1 32. Kxf1 Qc6 33.
Qd3 Qa8 34. Ke2 Qa2 35. Bc1 Qa1 36. Qd1 Qc3 37. Be3 Qb2 38. Qd2 Qa2 39. Qc1 Qa6+ 40. Kf2 Qa8 41. c4 bxc3 42. Qxc3 Qa2+ 43. Bd2 Qb1 44. Qc7 Kf8 45. Qc8+ Kf7 46. Qc3 Kg7 47. b4 Qf5+ 48. Qf3 Qc2 49. Qc3 Qf5+ 50. Ke2 Qe4+ 51. Kd1 Qxh4 52. b5 Qg4+ 53. Kc1 Qg1+ 54. Kb2 Qf1 55. b6 Qb5+ 56. Qb3 Qd3 57. Qxd3 1-0

[Event "*** Titled Tuesday Blitz"]
[Site "Chess.com"]
[Date "2021.02.09"]
[Round "4"]
[White "Goryachkina"]
[Black "LiamVrolijk"]
[Result "0-1"]
[WhiteElo "2687"]
[BlackElo "2885"]
[TimeControl "180+1"]
[EndTime "10:38:26 PST"]
[Termination "LiamVrolijk won on time"]

1. e4 g6 2. d4 Bg7 3. c4 d6 4. Nc3 c5 5. d5 Bxc3+ 6. bxc3 e5 7. h4 h5 8. Bg5 Qa5 9. Qd2 Nd7 10. Bd3 f6 11. Be3 Nb6 12. Nf3 Qa4 13. Qe2 Bg4 14. Rb1 Nh6 15. O-O O-O-O 16. Rb3 f5 17. Qb2 Bxf3 18.
gxf3 Qd7 19. Rxb6 axb6 20. Qxb6 f4 21. Bd2 g5 22. Rb1 gxh4 23. Kf1 h3 24. Qa7 Qc7 25.
Qa8+ Qb8 26. Qa5 Rhg8 27. Ke2 h2 28. Bc2 Rg1 29. Qb6 h1=Q 0-1

[Event "*** Titled Tuesday Blitz"]
[Site "Chess.com"]
[Date "2021.02.09"]
[Round "4"]
[White "dozer80"]
[Black "Pogosian_Manvel"]
[Result "1-0"]
[WhiteElo "2601"]
[BlackElo "2390"]
[TimeControl "180+1"]
[EndTime "10:38:26 PST"]
[Termination "dozer80 won by checkmate"]

1. e4 c6 2. d4 d5 3. e5 Bf5 4.
Nc3 e6 5. g4 Bg6 6. Nge2 c5 7.
Be3 Nc6 8. dxc5 Nxe5 9. Nd4 Ne7 10. Bb5+ N7c6 11. f4 Nd7 12. Nxc6 bxc6 13. Bxc6 Rc8 14. Bxd7+ Qxd7 15. b4 Be7 16. O-O O-O 17. f5 exf5 18.
Nxd5 Rfd8 19. gxf5 Qxd5 20. Qxd5 Rxd5 21. fxg6 hxg6 22.
Rad1 Re5 23. Bd4 Re4 24. Rfe1 Rg4+ 25. Kh1 Bh4 26. Re2 Rd8 27. c3 f5 28. c6 f4 29. Rf1 Rf8 30. Re4 Bg5 31. b5 Rh4 32. Bxa7 Kf7 33. c7 Rfh8 34. Bg1 Be7 35. b6 g5 36. b7 Bc5 37. c8=Q Bxg1 38. Qe6+ Kf8 39.
b8=R# 1-0